 Dungeon Crawl Stone Soup version 0.24-a0-530-g18ba70b5 (webtiles) character file.

Game seed: 1237758177637740463

6 DrEnzyme the Cudgeler (level 1, -2/14 HPs)
             Began as a Demigod Wanderer on Aug 6, 2019.
             Slain by a worm (11 damage)
             ... on level 2 of the Dungeon.
             The game lasted 00:01:24 (252 turns).

DrEnzyme the Cudgeler (Demigod Wanderer)             Turns: 252, Time: 00:01:24

Health: -2/14      AC:  2    Str: 15    XL:     1   Next: 60%
Magic:  5/5        EV: 11    Int: 16    God:
Gold:   32         SH:  0    Dex: 15    Spells: 1/3 levels left

rFire    . . .     SeeInvis .   a - +0 club
rCold    . . .     Gourm    .   (no shield)
rNeg     . . .     Faith    .   d - +0 robe
rPois    .         Spirit   .   (no helmet)
rElec    .         Reflect  .   (no cloak)
rCorr    .         Harm     .   (no gloves)
MR       .....                  (no boots)
Stlth    +.........             (no amulet)
HPRegen  0.04/turn              (no ring)
MPRegen  0.09/turn              (no ring)

@: no status effects
A: high mp 1
a: no special abilities


You were on level 2 of the Dungeon.
You were not hungry.

You visited 1 branch of the dungeon, and saw 3 of its levels.

You collected 32 gold pieces.

Inventory:

Hand Weapons
 a - a +0 club (weapon)
Missiles
 c - 5 javelins (quivered)
Armour
 d - a +0 robe (worn)
Scrolls
 b - a scroll of teleportation
 e - a scroll of identify {unknown}
Potions
 g - a potion of curing {unknown}
Comestibles
 f - a ration


   Skills:
 + Level 3.1 Maces & Flails
 + Level 1.8 Spellcasting
   Level 1.0 Summonings
 + Level 1.7 Earth Magic
   Level 1.7 Evocations


You had one spell level left.
You knew the following spells:

 Your Spells              Type           Power        Failure   Level  Hunger
a - Magic Dart            Conj           #...         22%         1    ##.....
b - Sandblast             Erth           #.....       11%         1    ##.....

Your spell library contained the following spells:

 Spells                   Type           Power        Failure   Level  Hunger
 Call Imp                 Summ           #.......     22%         2    ###....
 Blink                    Tloc           N/A          32%         2    ###....
 Slow                     Hex            #.......     32%         2    ###....
 Stone Arrow              Conj/Erth      #.....       41%         3    ####...
 Conjure Flame            Conj/Fire      #.......     54%         3    ####...
 Mephitic Cloud           Conj/Pois/Air  #.......     54%         3    ####...


Dungeon Overview and Level Annotations

Branches:
Dungeon (3/15)

Annotations:
D:2 Jessica


Innate Abilities, Weirdness & Mutations

You have an increased reservoir of magic. (+10% MP)


Message History

There is a stone staircase leading down here.
Jessica gestures wildly while chanting.
Jessica seems to speed up.
The goblin hits you but does no damage.
An adder comes into view.
Jessica mumbles some strange words.
Jessica blinks!
Found 2 orange potions.
A frilled lizard comes into view.
The frilled lizard hisses angrily.
Found a ration.
Found a red potion and a scroll of teleportation.
A worm comes into view.
Jessica mumbles some strange words.
Jessica blinks!
The adder bites you but does no damage.
Jessica mumbles some strange words.
Jessica blinks!
The adder bites you. The adder bites you. The worm bites you!
Ouch! That really hurt!
You die...

..........#.##....#
.....#w##....###
................#
................#
................#
.%.........!....#
........l.......#
##......Sw......#
#.....@@g.....!#
####+#?#########
... ##.. #.. #..
... ...


You could see 2 worms, an adder, Jessica, a goblin and a frilled lizard.

Vanquished Creatures
  A dart slug (D:1)
  3 bats (D:1)
  A rat (D:1)
5 creatures vanquished.

Notes
Turn   | Place    | Note
-------+----------+-------------------------------------------
     0 | D:1      | DrEnzyme the Demigod Wanderer began the quest for the Orb.
     0 | D:1      | DrEnzyme set off with the following items: a +0 club, a
                  | scroll of teleportation, a +0 robe, a ration; and the
                  | following spells available to memorise: Sandblast, Magic
                  | Dart, Call Imp, Blink, Slow, Stone Arrow, Conjure Flame,
                  | Mephitic Cloud
     0 | D:1      | Reached XP level 1. HP: 14/14 MP: 5/5
     2 | D:1      | Learned a level 1 spell: Magic Dart
     4 | D:1      | Learned a level 1 spell: Sandblast
   165 | D:1      | Reached skill level 3 in Maces & Flails
   222 | D:1      | You fall into a shaft and drop 1 floor!
   223 | D:2      | Noticed Jessica
   252 | D:2      | Slain by a worm

Levels and vault maps discovered:
D:1:      dpeg_arrival_shelter, layout_basic, minmay_unequal
D:2:      layout_basic, nicolae_overflow_crystal_walls, grunt_decor_arrowhead,
          minmay_goblin_outpost, uniq_jessica
D:3:      layout_loops_cross, first_ration

Skill      XL: |  1 |
---------------+----+-----
Maces & Flails | 3 |  3.1
Spellcasting   | |  1.8
Summonings     | |  1.0
Earth Magic    | |  1.7
Evocations     | |  1.7

Action                   || total
-------------------------++-------
Melee: Club              ||     8
Throw: Javelin           ||     3
 Cast: Magic Dart        ||     6
Armor: Robe              ||     6
Dodge: Dodged            ||    13

Table legend:
 A = Non-vault XP
 B = Vault XP
 C = Vault XP percentage of total XP
 D = Non-vault monster count
 E = Vault monster count
 F = Vault count percentage of total count
                 A         B        C        D         E       F
            +---------+---------+-------+---------+---------+-------
      Total |       9 |       0 |   0.0 |       5 |       0 |   0.0
            +---------+---------+-------+---------+---------+-------
        D:1 |       9 |       0 |   0.0 |       5 |       0 |   0.0
            +---------+---------+-------+---------+---------+-------
